Sewer Rats vs Sasquatch
Created - May 1, 2019 at 19:29
Goals
|
| Sewer Rats |
1 |
5 |
2 |
8 |
| Sasquatch |
2 |
0 |
0 |
2 |
|
Shots
|
| Sewer Rats |
7 |
25 |
16 |
48 |
| Sasquatch |
17 |
4 |
5 |
26 |
|
1st period
1. Sewer Rats , Tomas Tatar 42 (Jonathan Marchessault 50) at 10:33
2. Sasquatch , Jesper Fast 43 (Drew Shore 71, Petr Straka 20) at 13:02
3. Sasquatch , Jesper Fast 44 (Drew Shore 72, Dougie Hamilton 81) at 15:05
Penalties :
Matt Halischuk (Gat) for Roughing (Minor) at 2:13
2nd period
4. Sewer Rats , Jonathan Marchessault 24 (Tomas Tatar 44, Matt Lashoff 49) at 6:30
5. Sewer Rats , William Karlsson 26 (Martin Frk 24) at 9:40
6. Sewer Rats , Jarred Tinordi 3 (Erik Condra 19, Vincent Trocheck 48) at 12:56 (PP)
7. Sewer Rats , Jonathan Marchessault 25 (Tomas Tatar 45, Mark Mancari 58) at 16:01
8. Sewer Rats , Daniel Carr 24 (Erik Condra 20, Vincent Trocheck 49) at 18:18
Penalties :
Patrick Wey (Gat) for Roughing (Minor) at 0:44, Sergey Kalinin (Gat) for High sticking (Minor) at 11:35, Brett Pesce (Gat) for Hooking (Minor) at 13:42
3rd period
9. Sewer Rats , Mark Mancari 55 (Jonathan Marchessault 51) at 6:32
10. Sewer Rats , Mark Mancari 56 (Tomas Tatar 46, Jonathan Marchessault 52) at 10:01 (PP)
Penalties :
Josh Morrissey (Gat) for Goalie Interference (Minor) at 9:50, Ryan Murphy (Tol) for High sticking (Minor) at 11:16, Teemu Hartikainen (Gat) for Fighting (Major) at 14:41, Joel Edmundson (Tol) for Fighting (Major) at 14:41, Josh Morrissey (Gat) for Roughing (Minor) at 18:15
Goalie Stats
Antoine Bibeau (Tol), 24 saves from 26 shots - (0.923), W, 5-7-3, 60:00 minutes
Joonas Korpisalo (Gat), 19 saves from 24 shots - (0.792), L, 24-15-2, 36:01 minutes
Corey Crawford (Gat), 21 saves from 24 shots - (0.875), 23:59 minutes
Players Stats for Sewer Rats
Player Name G A P +/- PIM S H SB GA TA FO MP PP MP PK MP
------------------------------------------------------------------------------------
Anthony Duclair 0 0 0 1 0 0 0 0 1 0 0/0 10:36 0:00 0:00
Connor Carrick 0 0 0 2 0 0 0 0 0 0 0/0 10:36 1:13 0:45
Daniel Carr 1 0 1 0 0 3 3 0 1 0 1/2 18:44 3:29 0:49
Dmitrij Jaskin 0 0 0 0 0 1 1 0 0 0 0/1 7:44 0:54 0:00
Erik Condra 0 2 2 0 0 7 2 0 2 0 2/2 19:05 3:29 1:10
Jarred Tinordi 1 0 1 1 0 4 4 3 0 0 0/0 25:45 6:10 1:21
Joel Edmundson 0 0 0 3 5 1 0 1 0 0 0/0 17:10 2:21 0:38
John Ramage 0 0 0 2 0 3 1 0 0 1 0/0 17:27 2:32 0:38
Jonathan Marchessault 2 3 5 3 0 6 3 0 1 1 19/33 21:43 4:47 0:00
Jonathan Racine 0 0 0 0 0 0 0 0 0 0 0/0 9:04 0:00 0:36
Joseph Blandisi 0 0 0 0 0 0 1 0 0 0 0/0 7:12 0:24 0:00
Mark Mancari 2 1 3 3 0 5 3 0 2 0 1/5 22:25 4:47 0:42
Martin Frk 0 1 1 1 0 1 0 0 1 0 0/1 11:25 0:47 0:00
Matt Lashoff 0 1 1 0 0 0 0 2 0 0 0/0 12:16 2:31 0:00
Nick Cousins 0 0 0 0 0 1 0 0 0 0 1/3 7:24 0:00 0:36
Ryan Murphy 0 0 0 0 2 2 2 0 1 0 0/0 19:35 3:39 0:00
Tomas Tatar 1 3 4 3 0 7 1 1 1 1 3/5 21:47 4:51 0:00
Vincent Trocheck 0 2 2 0 0 2 1 0 0 0 7/14 18:36 3:29 0:41
William Karlsson 1 0 1 1 0 5 0 0 1 1 1/5 11:20 0:42 0:00
Xavier Ouellet 0 0 0 0 0 0 0 0 0 0 0/0 8:05 0:00 0:00
Players Stats for Sasquatch
Player Name G A P +/- PIM S H SB GA TA FO MP PP MP PK MP
------------------------------------------------------------------------------------
Brett Pesce 0 0 0 -2 2 0 1 3 0 0 0/0 14:50 0:00 1:05
Brock Trotter 0 0 0 -1 0 2 1 0 1 1 0/0 13:26 1:05 1:28
David Desharnais 0 0 0 -1 0 2 0 0 0 0 1/4 8:34 0:00 0:00
Devin Shore 0 0 0 -1 0 0 1 0 0 2 5/5 12:18 1:05 0:00
Dougie Hamilton 0 1 1 -2 0 1 0 3 0 4 0/0 27:15 1:00 6:01
Drew Shore 0 2 2 -1 0 1 1 3 1 0 17/37 23:01 0:32 5:19
Jeff Skinner 0 0 0 0 0 3 2 0 0 0 2/3 17:53 0:54 0:09
Jesper Fast 2 0 2 0 0 5 2 1 1 0 2/4 17:22 0:32 0:00
Josh Morrissey 0 0 0 -1 4 0 2 1 0 0 0/0 14:35 0:59 0:00
Martin Marincin 0 0 0 -1 0 0 0 1 0 2 0/0 18:08 0:00 3:12
Matt Halischuk 0 0 0 -1 2 2 1 0 0 0 0/1 12:55 1:05 0:00
Nicolas Deslauriers 0 0 0 -2 0 1 0 1 0 0 0/1 13:24 0:00 4:30
Patrick Wey 0 0 0 -2 2 0 0 3 0 2 0/0 26:33 1:00 4:56
Petr Straka 0 1 1 -1 0 9 1 0 1 0 0/0 13:19 0:22 2:09
Sergey Kalinin 0 0 0 -1 2 0 0 0 0 0 9/16 15:13 0:22 2:41
Slava Voynov 0 0 0 -1 0 0 2 2 0 0 0/0 19:20 0:59 3:12
Sven Andrighetto 0 0 0 -1 0 0 2 0 0 0 0/0 8:34 0:00 0:00
Teemu Hartikainen 0 0 0 -1 5 0 2 1 0 0 0/0 14:08 0:00 2:18
3 Stars
1 - Jonathan Marchessault (Tol)
2 - Mark Mancari (Tol)
3 - Tomas Tatar (Tol)
Power Play
Sewer Rats - 2 on 6 Attempt(s) - 33.33%
Sasquatch - 0 on 1 Attempt(s) - 0.00%
Penalty Kill
Sewer Rats - 1 on 1 Attempt(s) - 100.00%
- Score 0 goal in Penalty Kill
Sasquatch - 4 on 6 Attempt(s) - 66.67%
- Score 0 goal in Penalty Kill
Team Stat
Sewer Rats - Hits : 22 - Faceoff Wins : 35 - Blocked Shots : 7 - Penalty Minutes : 7
Sasquatch - Hits : 18 - Faceoff Wins : 36 - Blocked Shots : 19 - Penalty Minutes : 17
Official
Referees : Unknown
Linesman : Unknown
Game Notes
Matt Lashoff is injured at 8:04 of 2nd period (Right Knee)
Corey Crawford enters game at 16:01 of 2nd period
Teemu Hartikainen and Joel Edmundson fight to a draw at 14:41 of 3rd period
Finance
Level 1 -- Attendance: 1618 (80.90%) -- Ticket Income $64,720
Level 2 -- Attendance: 754 (75.40%) -- Ticket Income $15,080
Total Attendance: 2372 (79.07%)
Total Ticket Income: $79,800
Other Income: $3,990
Total Income: $83,790
Sewer Rats
5 vs 5 Forward
Center Left Wing Right Wing Time % Phy DF OF
1 Jonathan Marchessault Tomas Tatar Mark Mancari 40 1 2 2
2 Vincent Trocheck Daniel Carr Erik Condra 30 1 2 2
3 William Karlsson Anthony Duclair Martin Frk 20 1 2 2
4 Nick Cousins Joseph Blandisi Dmitrij Jaskin 10 1 2 2
5 vs 5 Defense
Defense Defense Time % Phy DF OF
1 Matt Lashoff Jarred Tinordi 40 1 2 2
2 Joel Edmundson John Ramage 30 1 2 2
3 Ryan Murphy Connor Carrick 20 1 2 2
4 Jonathan Racine Xavier Ouellet 10 1 2 2
PowerPlay Forward
Center Left Wing Right Wing Time % Phy DF OF
1 Jonathan Marchessault Tomas Tatar Mark Mancari 60 1 2 2
2 Vincent Trocheck Daniel Carr Erik Condra 40 1 2 2
PowerPlay Defense
Defense Defense Time % Phy DF OF
1 Matt Lashoff Jarred Tinordi 60 1 2 2
2 Joel Edmundson John Ramage 40 1 2 2
Penalty Kill 4 Players Forward
Center Wing Time % Phy DF OF
1 Mark Mancari Erik Condra 60 1 2 2
2 Tomas Tatar Jonathan Marchessault 40 1 2 2
Penalty Kill 4 Players Defense
Defense Defense Time % Phy DF OF
1 Matt Lashoff Jarred Tinordi 60 1 2 2
2 Joel Edmundson John Ramage 40 1 2 2
Penalty Kill - 3 Players Forward
Forward Time % Phy DF OF
1 Mark Mancari 60 1 2 2
2 Erik Condra 40 1 2 2
Penalty Kill - 3 Players Defense
Defense Defense Time % Phy DF OF
1 Matt Lashoff Jarred Tinordi 60 1 2 2
2 Joel Edmundson John Ramage 40 1 2 2
4 vs 4 Forward
Center Wing Time % Phy DF OF
1 Mark Mancari Erik Condra 60 1 2 2
2 Tomas Tatar Jonathan Marchessault 40 1 2 2
4 vs 4 Defense
Defense Defense Time % Phy DF OF
1 Matt Lashoff Jarred Tinordi 60 1 2 2
2 Joel Edmundson John Ramage 40 1 2 2
Last Minutes Offensive
Center Left Wing Right Wing Defense Defense
Jonathan Marchessault Tomas Tatar Mark Mancari Matt Lashoff Jarred Tinordi
Last Minutes Defensive
Center Left Wing Right Wing Defense Defense
Jonathan Marchessault Tomas Tatar Mark Mancari Matt Lashoff Jarred Tinordi
Goaltenders
Starting : Antoine Bibeau
Backup : Marek Mazanek
Extra Forwards
Normal : William Karlsson, Martin Frk, Nick Cousins - PP : William Karlsson, Martin Frk - PK : Nick Cousins
Extra Defensemen
Normal : Ryan Murphy, Connor Carrick, Jonathan Racine - PP : Ryan Murphy - PK : Connor Carrick, Jonathan Racine
Penalty Shots
Mark Mancari, Erik Condra, Tomas Tatar, Jonathan Marchessault, Vincent Trocheck
Scratches
Dominik Kubalik (Healthy), Josh Archibald (Healthy), Tyler Motte (Healthy), Chris Calhan (Healthy), Steven Kampfer (Sprained Right Ankle Injury)
Sergei Kostenko (Healthy)
Sasquatch
5 vs 5 Forward
Center Left Wing Right Wing Time % Phy DF OF
1 Drew Shore Jeff Skinner Jesper Fast 40 1 2 2
2 Sergey Kalinin Teemu Hartikainen Matt Halischuk 30 1 2 2
3 Devin Shore Brock Trotter Petr Straka 20 1 2 2
4 David Desharnais Nicolas Deslauriers Sven Andrighetto 10 1 2 2
5 vs 5 Defense
Defense Defense Time % Phy DF OF
1 Dougie Hamilton Patrick Wey 40 1 2 2
2 Martin Marincin Slava Voynov 30 1 2 2
3 Josh Morrissey Brett Pesce 20 1 2 2
4 Dougie Hamilton Patrick Wey 10 1 2 2
PowerPlay Forward
Center Left Wing Right Wing Time % Phy DF OF
1 Drew Shore Jeff Skinner Jesper Fast 60 1 2 2
2 Devin Shore Brock Trotter Matt Halischuk 40 1 2 2
PowerPlay Defense
Defense Defense Time % Phy DF OF
1 Dougie Hamilton Patrick Wey 60 1 2 2
2 Josh Morrissey Slava Voynov 40 1 2 2
Penalty Kill 4 Players Forward
Center Wing Time % Phy DF OF
1 Drew Shore Nicolas Deslauriers 60 1 2 2
2 Sergey Kalinin Teemu Hartikainen 40 1 2 2
Penalty Kill 4 Players Defense
Defense Defense Time % Phy DF OF
1 Dougie Hamilton Patrick Wey 60 1 2 2
2 Martin Marincin Slava Voynov 40 1 2 2
Penalty Kill - 3 Players Forward
Forward Time % Phy DF OF
1 Drew Shore 60 1 2 2
2 Sergey Kalinin 40 1 2 2
Penalty Kill - 3 Players Defense
Defense Defense Time % Phy DF OF
1 Dougie Hamilton Patrick Wey 60 1 2 2
2 Martin Marincin Slava Voynov 40 1 2 2
4 vs 4 Forward
Center Wing Time % Phy DF OF
1 Drew Shore Jeff Skinner 60 1 2 2
2 David Desharnais Jesper Fast 40 1 2 2
4 vs 4 Defense
Defense Defense Time % Phy DF OF
1 Dougie Hamilton Patrick Wey 60 1 2 2
2 Martin Marincin Slava Voynov 40 1 2 2
Last Minutes Offensive
Center Left Wing Right Wing Defense Defense
Drew Shore Jeff Skinner Matt Halischuk Dougie Hamilton Patrick Wey
Last Minutes Defensive
Center Left Wing Right Wing Defense Defense
Drew Shore Teemu Hartikainen Matt Halischuk Dougie Hamilton Patrick Wey
Goaltenders
Starting : Joonas Korpisalo
Backup : Corey Crawford
Extra Forwards
Normal : Sergey Kalinin, Devin Shore, Petr Straka - PP : Sergey Kalinin, Devin Shore - PK : Petr Straka
Extra Defensemen
Normal : Josh Morrissey, Brett Pesce, Martin Marincin - PP : Josh Morrissey - PK : Brett Pesce, Martin Marincin
Penalty Shots
Jeff Skinner, Devin Shore, Matt Halischuk, Petr Straka, Brock Trotter
Scratches
Ryan Dzingel (Healthy), T.J. Tynan (Healthy), Ty Rattie (Healthy), Patrick Maroon (Healthy), Andrew Campbell (Healthy)
Cal Petersen (Healthy)
% Time on Ice - Sewer Rats
Lines # - Real PCT - Wanted PCT - Time Play
Normal Forward
1 - 35% - 40% - 16:58
2 - 30% - 30% - 14:26
3 - 22% - 20% - 10:36
4 - 14% - 10% - 6:48
Normal Defense
1 - 38% - 40% - 18:34
2 - 29% - 30% - 14:17
3 - 16% - 20% - 7:52
4 - 17% - 10% - 8:05
PP Forward
1 - 62% - 60% - 5:44
2 - 38% - 40% - 3:29
PP Defense
1 - 73% - 60% - 6:41
2 - 27% - 40% - 2:32
PK Forward
1 - 100% - 60% - 1:59
2 - 0% - 40% - 0:00
PK Defense
1 - 68% - 60% - 1:21
2 - 32% - 40% - 0:38
PK3 Forward
1 - 0% - 60%
2 - 0% - 40%
PK3 Defense
1 - 0% - 60%
2 - 0% - 40%
44 Forward
1 - 0% - 60%
2 - 0% - 40%
44 Defense
1 - 0% - 60%
2 - 0% - 40%
Last Minute Offensive - 0:00
Last Minute Defensive - 0:00
Total
Forward - 60:00
Defense - 60:00
|
% Time on Ice - Sasquatch
Lines # - Real PCT - Wanted PCT - Time Play
Normal Forward
1 - 35% - 40% - 17:10
2 - 25% - 30% - 12:16
3 - 22% - 20% - 10:48
4 - 18% - 10% - 8:34
Normal Defense
1 - 38% - 40% - 18:43
2 - 31% - 30% - 15:09
3 - 25% - 20% - 12:04
4 - 6% - 10% - 2:52
PP Forward
1 - 45% - 60% - 0:54
2 - 55% - 40% - 1:05
PP Defense
1 - 50% - 60% - 1:00
2 - 50% - 40% - 0:59
PK Forward
1 - 64% - 60% - 5:56
2 - 36% - 40% - 3:17
PK Defense
1 - 65% - 60% - 6:01
2 - 35% - 40% - 3:12
PK3 Forward
1 - 0% - 60%
2 - 0% - 40%
PK3 Defense
1 - 0% - 60%
2 - 0% - 40%
44 Forward
1 - 0% - 60%
2 - 0% - 40%
44 Defense
1 - 0% - 60%
2 - 0% - 40%
Last Minute Offensive - 0:00
Last Minute Defensive - 0:00
Total
Forward - 60:00
Defense - 60:00
|
Play-by-Play
1st period
0:01 of 1st period - Jonathan Marchessault wins face-off versus Drew Shore in neutral zone.
0:04 of 1st period - Dougie Hamilton is hit by Jonathan Marchessault and loses puck.
0:12 of 1st period - Icing by Tomas Tatar.
0:13 of 1st period - Mark Mancari wins face-off versus Sergey Kalinin in Sewer Rats zone.
0:22 of 1st period - Wrist shot by Tomas Tatar.
0:22 of 1st period - Stopped by Joonas Korpisalo without a rebound.
0:23 of 1st period - Sergey Kalinin wins face-off versus Vincent Trocheck in Sasquatch zone.
0:29 of 1st period - Icing by Sergey Kalinin.
0:30 of 1st period - Sergey Kalinin wins face-off versus Vincent Trocheck in Sasquatch zone.
0:48 of 1st period - Wrist shot by Matt Halischuk.
0:48 of 1st period - Stopped by Antoine Bibeau without a rebound.
0:49 of 1st period - Devin Shore wins face-off versus William Karlsson in Sewer Rats zone.
0:52 of 1st period - Wrist shot by Brock Trotter.
0:52 of 1st period - Deflect By Petr Straka.
0:52 of 1st period - Stopped by Antoine Bibeau with a rebound.
1:04 of 1st period - Wrist shot by Petr Straka.
1:04 of 1st period - Stopped by Antoine Bibeau with a rebound.
1:14 of 1st period - Drew Shore is hit by Joseph Blandisi and loses puck.
1:23 of 1st period - Slapshot by Nick Cousins.
1:23 of 1st period - Shot Blocked by Drew Shore.
1:25 of 1st period - Snap shot by Dmitrij Jaskin.
1:25 of 1st period - Shot Blocked by Josh Morrissey.
2:01 of 1st period - Wrist shot by Erik Condra.
2:01 of 1st period - Shot Misses the Net.
2:03 of 1st period - Wrist shot by Jonathan Racine.
2:03 of 1st period - Shot Misses the Net.
2:13 of 1st period - Minor Penalty to Matt Halischuk for Roughing.
2:14 of 1st period - Drew Shore wins face-off versus Jonathan Marchessault in Sasquatch zone.
2:14 of 1st period - Drew Shore is hit by Tomas Tatar.
4:13 of 1st period - Penalty to Matt Halischuk is over, Matt Halischuk is back on ice.
4:39 of 1st period - Wrist shot by William Karlsson.
4:39 of 1st period - Shot Misses the Net.
4:41 of 1st period - Wrist shot by Martin Frk.
4:41 of 1st period - Stopped by Joonas Korpisalo with a rebound.
4:45 of 1st period - Slapshot by Martin Frk.
4:45 of 1st period - Shot Misses the Net.
6:24 of 1st period - Slapshot by Matt Halischuk.
6:24 of 1st period - Stopped by Antoine Bibeau without a rebound.
6:25 of 1st period - Sergey Kalinin wins face-off versus Dmitrij Jaskin in Sewer Rats zone.
7:17 of 1st period - Slapshot by Jesper Fast.
7:17 of 1st period - Stopped by Antoine Bibeau with a rebound.
7:35 of 1st period - Slapshot by David Desharnais.
7:35 of 1st period - Shot Misses the Net.
7:51 of 1st period - Tomas Tatar is hit by Petr Straka.
7:55 of 1st period - Slapshot by Jonathan Marchessault.
7:55 of 1st period - Deflect By Tomas Tatar.
7:55 of 1st period - Shot Misses the Net.
7:55 of 1st period - Puck is out of play.
7:56 of 1st period - Devin Shore wins face-off versus Jonathan Marchessault in Sasquatch zone.
8:15 of 1st period - Jonathan Marchessault is hit by Brock Trotter and loses puck.
8:40 of 1st period - Snap shot by Petr Straka.
8:40 of 1st period - Stopped by Antoine Bibeau with a rebound.
8:42 of 1st period - Snap shot by Petr Straka.
8:42 of 1st period - Stopped by Antoine Bibeau with a rebound.
8:48 of 1st period - Slapshot by Petr Straka.
8:48 of 1st period - Stopped by Antoine Bibeau without a rebound.
8:49 of 1st period - Drew Shore wins face-off versus Vincent Trocheck in Sewer Rats zone.
9:55 of 1st period - Jesper Fast is hit by Vincent Trocheck and loses puck.
10:33 of 1st period - Wrist shot by Tomas Tatar.
10:33 of 1st period - Goal by Tomas Tatar - Sewer Rats : 1 - Sasquatch : 0.
10:34 of 1st period - Drew Shore wins face-off versus Jonathan Marchessault in neutral zone.
11:08 of 1st period - Snap shot by Sergey Kalinin.
11:08 of 1st period - Shot Blocked by Matt Lashoff.
11:24 of 1st period - Snap shot by Nicolas Deslauriers.
11:24 of 1st period - Stopped by Antoine Bibeau without a rebound.
11:25 of 1st period - Jonathan Marchessault wins face-off versus David Desharnais in Sewer Rats zone.
11:40 of 1st period - Slapshot by Nicolas Deslauriers.
11:40 of 1st period - Shot Blocked by Joel Edmundson.
11:50 of 1st period - Dougie Hamilton is hit by Erik Condra and loses puck.
13:00 of 1st period - Slapshot by Jesper Fast.
13:00 of 1st period - Stopped by Antoine Bibeau with a rebound.
13:02 of 1st period - Snap shot by Jesper Fast.
13:02 of 1st period - Goal by Jesper Fast - Sewer Rats : 1 - Sasquatch : 1.
13:03 of 1st period - Jonathan Marchessault wins face-off versus Drew Shore in neutral zone.
13:06 of 1st period - Slapshot by Matt Lashoff.
13:06 of 1st period - Shot Misses the Net.
13:30 of 1st period - Snap shot by Brock Trotter.
13:30 of 1st period - Stopped by Antoine Bibeau with a rebound.
13:32 of 1st period - Snap shot by Devin Shore.
13:32 of 1st period - Shot Misses the Net.
13:36 of 1st period - Slapshot by Brock Trotter.
13:36 of 1st period - Shot Misses the Net.
13:38 of 1st period - Snap shot by Petr Straka.
13:38 of 1st period - Stopped by Antoine Bibeau without a rebound.
13:39 of 1st period - Daniel Carr wins face-off versus Drew Shore in Sewer Rats zone.
14:06 of 1st period - William Karlsson is hit by Teemu Hartikainen and loses puck.
14:29 of 1st period - Snap shot by Petr Straka.
14:29 of 1st period - Shot Hit the Post.
14:31 of 1st period - Wrist shot by Petr Straka.
14:31 of 1st period - Stopped by Antoine Bibeau without a rebound.
14:32 of 1st period - Jonathan Marchessault wins face-off versus Drew Shore in Sewer Rats zone.
14:39 of 1st period - Snap shot by Jonathan Marchessault.
14:39 of 1st period - Deflect By Tomas Tatar.
14:39 of 1st period - Shot Blocked by Jesper Fast.
14:39 of 1st period - Puck is out of play.
14:40 of 1st period - Drew Shore wins face-off versus Jonathan Marchessault in Sasquatch zone.
14:51 of 1st period - Snap shot by Jonathan Marchessault.
14:51 of 1st period - Stopped by Joonas Korpisalo with a rebound.
14:53 of 1st period - Snap shot by Jonathan Marchessault.
14:53 of 1st period - Stopped by Joonas Korpisalo without a rebound.
14:54 of 1st period - Erik Condra wins face-off versus Drew Shore in Sasquatch zone.
15:05 of 1st period - Wrist shot by Jesper Fast.
15:05 of 1st period - Goal by Jesper Fast - Sewer Rats : 1 - Sasquatch : 2.
15:06 of 1st period - Drew Shore wins face-off versus Mark Mancari in neutral zone.
15:20 of 1st period - Off-side.
15:21 of 1st period - Vincent Trocheck wins face-off versus Sergey Kalinin in neutral zone.
15:23 of 1st period - Off-side.
15:24 of 1st period - Vincent Trocheck wins face-off versus Sergey Kalinin in neutral zone.
15:27 of 1st period - Snap shot by Daniel Carr.
15:27 of 1st period - Deflect By Teemu Hartikainen.
15:27 of 1st period - Stopped by Joonas Korpisalo without a rebound.
15:28 of 1st period - Sergey Kalinin wins face-off versus Vincent Trocheck in Sasquatch zone.
15:28 of 1st period - Sergey Kalinin is hit by Jarred Tinordi.
15:33 of 1st period - Off-side.
15:34 of 1st period - Jonathan Marchessault wins face-off versus Drew Shore in neutral zone.
15:46 of 1st period - John Ramage is hit by Jesper Fast and loses puck.
15:59 of 1st period - Teemu Hartikainen is hit by John Ramage and loses puck.
16:06 of 1st period - Erik Condra is hit by Teemu Hartikainen and loses puck.
16:32 of 1st period - Icing by Martin Marincin.
16:33 of 1st period - Devin Shore wins face-off versus Jonathan Marchessault in Sasquatch zone.
16:55 of 1st period - Slapshot by Petr Straka.
16:55 of 1st period - Shot Misses the Net.
16:57 of 1st period - Slapshot by Martin Marincin.
16:57 of 1st period - Shot Misses the Net.
17:07 of 1st period - Devin Shore is hit by Jarred Tinordi and loses puck.
17:18 of 1st period - Wrist shot by Petr Straka.
17:18 of 1st period - Stopped by Antoine Bibeau without a rebound.
17:19 of 1st period - William Karlsson wins face-off versus Drew Shore in Sewer Rats zone.
17:44 of 1st period - Patrick Wey is hit by Ryan Murphy and loses puck.
17:51 of 1st period - Snap shot by Mark Mancari.
17:51 of 1st period - Stopped by Joonas Korpisalo with a rebound.
18:12 of 1st period - Wrist shot by David Desharnais.
18:12 of 1st period - Stopped by Antoine Bibeau with a rebound.
18:14 of 1st period - Wrist shot by Nicolas Deslauriers.
18:14 of 1st period - Shot Misses the Net.
19:02 of 1st period - Snap shot by Martin Frk.
19:02 of 1st period - Shot Misses the Net.
19:04 of 1st period - Snap shot by Anthony Duclair.
19:04 of 1st period - Shot Misses the Net.
Goals for this period are 1 for Sewer Rats vs 2 for Sasquatch.
Shots for this period are 7 for Sewer Rats vs 17 for Sasquatch.
2nd period
0:01 of 2nd period - Jeff Skinner wins face-off versus Jonathan Marchessault in neutral zone.
0:44 of 2nd period - Minor Penalty to Patrick Wey for Roughing.
0:45 of 2nd period - Drew Shore wins face-off versus Jonathan Marchessault in Sasquatch zone.
1:00 of 2nd period - Off-side.
1:01 of 2nd period - Jonathan Marchessault wins face-off versus Drew Shore in neutral zone.
1:08 of 2nd period - Wrist shot by Jonathan Marchessault.
1:08 of 2nd period - Shot Misses the Net.
1:10 of 2nd period - Wrist shot by Jonathan Marchessault.
1:10 of 2nd period - Shot Blocked by Brett Pesce.
1:12 of 2nd period - Wrist shot by Jonathan Marchessault.
1:12 of 2nd period - Stopped by Joonas Korpisalo without a rebound.
1:13 of 2nd period - Tomas Tatar wins face-off versus Drew Shore in Sasquatch zone.
1:21 of 2nd period - Wrist shot by Mark Mancari.
1:21 of 2nd period - Shot Blocked by Dougie Hamilton.
1:23 of 2nd period - Slapshot by Jarred Tinordi.
1:23 of 2nd period - Shot Blocked by Nicolas Deslauriers.
1:25 of 2nd period - Slapshot by Jarred Tinordi.
1:25 of 2nd period - Shot Misses the Net.
1:27 of 2nd period - Slapshot by Jarred Tinordi.
1:27 of 2nd period - Stopped by Joonas Korpisalo with a rebound.
1:29 of 2nd period - Snap shot by Mark Mancari.
1:29 of 2nd period - Shot Misses the Net.
1:55 of 2nd period - Nicolas Deslauriers is hit by Daniel Carr.
2:44 of 2nd period - Penalty to Patrick Wey is over, Patrick Wey is back on ice.
2:51 of 2nd period - Dougie Hamilton is hit by Dmitrij Jaskin and loses puck.
2:56 of 2nd period - Wrist shot by Nick Cousins.
2:56 of 2nd period - Shot Misses the Net.
2:58 of 2nd period - Wrist shot by Nick Cousins.
2:58 of 2nd period - Shot Misses the Net.
3:00 of 2nd period - Snap shot by Nick Cousins.
3:00 of 2nd period - Shot Blocked by Brett Pesce.
3:37 of 2nd period - Ryan Murphy is hit by Jesper Fast and loses puck.
3:50 of 2nd period - Ryan Murphy is hit by Sven Andrighetto.
5:01 of 2nd period - Matt Lashoff is hit by Josh Morrissey.
5:45 of 2nd period - Sergey Kalinin is hit by Erik Condra and loses puck.
5:58 of 2nd period - Snap shot by Nick Cousins.
5:58 of 2nd period - Stopped by Joonas Korpisalo with a rebound.
6:00 of 2nd period - Slapshot by John Ramage.
6:00 of 2nd period - Shot Misses the Net.
6:02 of 2nd period - Backhand shot by John Ramage.
6:02 of 2nd period - Shot Blocked by Patrick Wey.
6:04 of 2nd period - Wrist shot by Dmitrij Jaskin.
6:04 of 2nd period - Shot Blocked by Drew Shore.
6:14 of 2nd period - Snap shot by Mark Mancari.
6:14 of 2nd period - Deflect By Tomas Tatar.
6:14 of 2nd period - Stopped by Joonas Korpisalo without a rebound.
6:15 of 2nd period - Jonathan Marchessault wins face-off versus David Desharnais in Sasquatch zone.
6:16 of 2nd period - Wrist shot by Tomas Tatar.
6:16 of 2nd period - Shot Misses the Net.
6:28 of 2nd period - Snap shot by Tomas Tatar.
6:28 of 2nd period - Shot Misses the Net.
6:30 of 2nd period - Wrist shot by Jonathan Marchessault.
6:30 of 2nd period - Goal by Jonathan Marchessault - Sewer Rats : 2 - Sasquatch : 2.
6:31 of 2nd period - Drew Shore wins face-off versus Jonathan Marchessault in neutral zone.
6:36 of 2nd period - Snap shot by Jeff Skinner.
6:36 of 2nd period - Stopped by Antoine Bibeau without a rebound.
6:37 of 2nd period - Drew Shore wins face-off versus Tomas Tatar in Sewer Rats zone.
6:42 of 2nd period - Wrist shot by Jesper Fast.
6:42 of 2nd period - Stopped by Antoine Bibeau with a rebound.
6:44 of 2nd period - Wrist shot by Drew Shore.
6:44 of 2nd period - Shot Misses the Net.
6:46 of 2nd period - Slapshot by Drew Shore.
6:46 of 2nd period - Stopped by Antoine Bibeau with a rebound.
6:48 of 2nd period - Slapshot by Slava Voynov.
6:48 of 2nd period - Shot Blocked by Jarred Tinordi.
6:50 of 2nd period - Snap shot by Slava Voynov.
6:50 of 2nd period - Shot Blocked by Matt Lashoff.
6:52 of 2nd period - Snap shot by Jesper Fast.
6:52 of 2nd period - Deflect By Jeff Skinner.
6:52 of 2nd period - Shot Blocked by Tomas Tatar.
6:52 of 2nd period - Puck is out of play.
6:53 of 2nd period - Vincent Trocheck wins face-off versus Sergey Kalinin in Sewer Rats zone.
7:24 of 2nd period - Mark Mancari is hit by Jeff Skinner and loses puck.
7:49 of 2nd period - Snap shot by David Desharnais.
7:49 of 2nd period - Stopped by Antoine Bibeau with a rebound.
8:03 of 2nd period - Matt Lashoff is hit by Josh Morrissey and loses puck.
8:04 of 2nd period - Matt Lashoff from Sewer Rats is injured at 8:04 of 2nd period (Right Knee).
8:05 of 2nd period - Jonathan Marchessault wins face-off versus Drew Shore in Sewer Rats zone.
8:16 of 2nd period - Snap shot by Jonathan Marchessault.
8:16 of 2nd period - Stopped by Joonas Korpisalo with a rebound.
9:01 of 2nd period - Snap shot by Nicolas Deslauriers.
9:01 of 2nd period - Shot Misses the Net.
9:17 of 2nd period - Martin Frk is hit by Devin Shore and loses puck.
9:38 of 2nd period - Snap shot by William Karlsson.
9:38 of 2nd period - Stopped by Joonas Korpisalo with a rebound.
9:40 of 2nd period - Snap shot by William Karlsson.
9:40 of 2nd period - Goal by William Karlsson - Sewer Rats : 3 - Sasquatch : 2.
9:41 of 2nd period - Jonathan Marchessault wins face-off versus Drew Shore in neutral zone.
10:30 of 2nd period - Snap shot by Dmitrij Jaskin.
10:30 of 2nd period - Stopped by Joonas Korpisalo with a rebound.
10:32 of 2nd period - Snap shot by Joel Edmundson.
10:32 of 2nd period - Stopped by Joonas Korpisalo without a rebound.
10:33 of 2nd period - Nick Cousins wins face-off versus Jesper Fast in Sasquatch zone.
10:38 of 2nd period - Wrist shot by Nick Cousins.
10:38 of 2nd period - Shot Misses the Net.
11:06 of 2nd period - Wrist shot by Dmitrij Jaskin.
11:06 of 2nd period - Shot Blocked by Patrick Wey.
11:35 of 2nd period - Minor Penalty to Sergey Kalinin for High sticking.
11:36 of 2nd period - Tomas Tatar wins face-off versus Drew Shore in Sasquatch zone.
11:44 of 2nd period - Slapshot by Tomas Tatar.
11:44 of 2nd period - Shot Misses the Net.
11:46 of 2nd period - Slapshot by Jarred Tinordi.
11:46 of 2nd period - Stopped by Joonas Korpisalo with a rebound.
11:48 of 2nd period - Slapshot by Jarred Tinordi.
11:48 of 2nd period - Deflect By Dougie Hamilton.
11:48 of 2nd period - Stopped by Joonas Korpisalo without a rebound.
11:49 of 2nd period - Drew Shore wins face-off versus Jonathan Marchessault in Sasquatch zone.
12:50 of 2nd period - Backhand shot by Vincent Trocheck.
12:50 of 2nd period - Shot Blocked by Dougie Hamilton.
12:52 of 2nd period - Wrist shot by Erik Condra.
12:52 of 2nd period - Shot Misses the Net.
12:54 of 2nd period - Snap shot by Erik Condra.
12:54 of 2nd period - Shot Misses the Net.
12:56 of 2nd period - Slapshot by Jarred Tinordi.
12:56 of 2nd period - Goal by Jarred Tinordi - Sewer Rats : 4 - Sasquatch : 2.
12:57 of 2nd period - Jonathan Marchessault wins face-off versus Drew Shore in neutral zone.
13:07 of 2nd period - Snap shot by Mark Mancari.
13:07 of 2nd period - Shot Blocked by Drew Shore.
13:28 of 2nd period - Slapshot by Dmitrij Jaskin.
13:28 of 2nd period - Shot Blocked by Brett Pesce.
13:30 of 2nd period - Backhand shot by John Ramage.
13:30 of 2nd period - Shot Misses the Net.
13:32 of 2nd period - Slapshot by John Ramage.
13:32 of 2nd period - Stopped by Joonas Korpisalo with a rebound.
13:42 of 2nd period - Minor Penalty to Brett Pesce for Hooking.
13:43 of 2nd period - Jonathan Marchessault wins face-off versus Drew Shore in Sasquatch zone.
14:46 of 2nd period - Vincent Trocheck is hit by Slava Voynov and loses puck.
15:07 of 2nd period - Wrist shot by Vincent Trocheck.
15:07 of 2nd period - Shot Misses the Net.
15:09 of 2nd period - Slapshot by Joel Edmundson.
15:09 of 2nd period - Shot Blocked by Slava Voynov.
15:11 of 2nd period - Slapshot by Vincent Trocheck.
15:11 of 2nd period - Deflect By Brock Trotter.
15:11 of 2nd period - Stopped by Joonas Korpisalo without a rebound.
15:12 of 2nd period - Drew Shore wins face-off versus Jonathan Marchessault in Sasquatch zone.
15:12 of 2nd period - Drew Shore is hit by Mark Mancari.
15:42 of 2nd period - Penalty to Brett Pesce is over, Brett Pesce is back on ice.
15:57 of 2nd period - Snap shot by Tomas Tatar.
15:57 of 2nd period - Stopped by Joonas Korpisalo with a rebound.
15:59 of 2nd period - Snap shot by Jonathan Marchessault.
15:59 of 2nd period - Shot Hit the Post.
16:01 of 2nd period - Wrist shot by Jonathan Marchessault.
16:01 of 2nd period - Goal by Jonathan Marchessault - Sewer Rats : 5 - Sasquatch : 2.
16:01 of 2nd period - Corey Crawford enters game.
16:02 of 2nd period - Sergey Kalinin wins face-off versus William Karlsson in neutral zone.
16:27 of 2nd period - Martin Marincin is hit by Daniel Carr and loses puck.
16:38 of 2nd period - Wrist shot by Devin Shore.
16:38 of 2nd period - Shot Misses the Net.
16:45 of 2nd period - Icing by Joel Edmundson.
16:46 of 2nd period - Drew Shore wins face-off versus Vincent Trocheck in Sewer Rats zone.
17:10 of 2nd period - Slapshot by Erik Condra.
17:10 of 2nd period - Stopped by Corey Crawford with a rebound.
17:50 of 2nd period - Slapshot by Erik Condra.
17:50 of 2nd period - Stopped by Corey Crawford with a rebound.
17:52 of 2nd period - Wrist shot by Daniel Carr.
17:52 of 2nd period - Shot Misses the Net.
17:54 of 2nd period - Backhand shot by Joel Edmundson.
17:54 of 2nd period - Shot Blocked by Patrick Wey.
17:56 of 2nd period - Slapshot by John Ramage.
17:56 of 2nd period - Stopped by Corey Crawford with a rebound.
18:00 of 2nd period - Wrist shot by Erik Condra.
18:00 of 2nd period - Stopped by Corey Crawford with a rebound.
18:02 of 2nd period - Snap shot by Erik Condra.
18:02 of 2nd period - Shot Misses the Net.
18:04 of 2nd period - Wrist shot by Daniel Carr.
18:04 of 2nd period - Stopped by Corey Crawford with a rebound.
18:18 of 2nd period - Slapshot by Daniel Carr.
18:18 of 2nd period - Goal by Daniel Carr - Sewer Rats : 6 - Sasquatch : 2.
18:19 of 2nd period - Jonathan Marchessault wins face-off versus Matt Halischuk in neutral zone.
18:24 of 2nd period - Snap shot by Jonathan Marchessault.
18:24 of 2nd period - Shot Blocked by Teemu Hartikainen.
18:26 of 2nd period - Snap shot by Mark Mancari.
18:26 of 2nd period - Stopped by Corey Crawford with a rebound.
18:28 of 2nd period - Slapshot by Ryan Murphy.
18:28 of 2nd period - Deflect By Tomas Tatar.
18:28 of 2nd period - Stopped by Corey Crawford with a rebound.
18:30 of 2nd period - Wrist shot by Mark Mancari.
18:30 of 2nd period - Deflect By Matt Halischuk.
18:30 of 2nd period - Shot Blocked by Slava Voynov.
18:30 of 2nd period - Puck is out of play.
18:31 of 2nd period - Sergey Kalinin wins face-off versus Mark Mancari in Sasquatch zone.
18:31 of 2nd period - Sergey Kalinin is hit by Ryan Murphy.
18:39 of 2nd period - Mark Mancari is hit by Matt Halischuk and loses puck.
Goals for this period are 5 for Sewer Rats vs 0 for Sasquatch.
Shots for this period are 25 for Sewer Rats vs 4 for Sasquatch.
3rd period
0:01 of 3rd period - Jonathan Marchessault wins face-off versus Drew Shore in neutral zone.
0:06 of 3rd period - Snap shot by Tomas Tatar.
0:06 of 3rd period - Shot Misses the Net.
1:01 of 3rd period - Off-side.
1:02 of 3rd period - Drew Shore wins face-off versus Nick Cousins in neutral zone.
1:37 of 3rd period - Slapshot by Teemu Hartikainen.
1:37 of 3rd period - Shot Misses the Net.
1:53 of 3rd period - Erik Condra is hit by Brett Pesce and loses puck.
2:22 of 3rd period - Martin Frk is hit by Slava Voynov and loses puck.
2:35 of 3rd period - Petr Straka is hit by Mark Mancari and loses puck.
2:52 of 3rd period - Wrist shot by Petr Straka.
2:52 of 3rd period - Shot Misses the Net.
2:55 of 3rd period - Icing by Tomas Tatar.
2:56 of 3rd period - Jonathan Marchessault wins face-off versus Drew Shore in Sewer Rats zone.
2:56 of 3rd period - Jonathan Marchessault is hit by Drew Shore.
3:04 of 3rd period - Wrist shot by Tomas Tatar.
3:04 of 3rd period - Stopped by Corey Crawford without a rebound.
3:05 of 3rd period - Jesper Fast wins face-off versus Vincent Trocheck in Sasquatch zone.
3:50 of 3rd period - Off-side.
3:51 of 3rd period - David Desharnais wins face-off versus William Karlsson in neutral zone.
4:02 of 3rd period - Wrist shot by Martin Frk.
4:02 of 3rd period - Deflect By William Karlsson.
4:02 of 3rd period - Stopped by Corey Crawford with a rebound.
4:04 of 3rd period - Slapshot by Anthony Duclair.
4:04 of 3rd period - Shot Blocked by Martin Marincin.
4:06 of 3rd period - Wrist shot by Anthony Duclair.
4:06 of 3rd period - Shot Misses the Net.
4:41 of 3rd period - Off-side.
4:42 of 3rd period - Sergey Kalinin wins face-off versus Vincent Trocheck in neutral zone.
4:44 of 3rd period - Off-side.
4:45 of 3rd period - Jonathan Marchessault wins face-off versus Jeff Skinner in neutral zone.
5:20 of 3rd period - Slapshot by Erik Condra.
5:20 of 3rd period - Deflect By Vincent Trocheck.
5:20 of 3rd period - Shot Misses the Net.
5:20 of 3rd period - Puck is out of play.
5:21 of 3rd period - Jesper Fast wins face-off versus Jonathan Marchessault in Sasquatch zone.
5:21 of 3rd period - Jesper Fast is hit by Mark Mancari.
5:32 of 3rd period - Slapshot by Jesper Fast.
5:32 of 3rd period - Deflect By Tomas Tatar.
5:32 of 3rd period - Shot Misses the Net.
5:32 of 3rd period - Puck is out of play.
5:33 of 3rd period - Jonathan Marchessault wins face-off versus Drew Shore in Sewer Rats zone.
5:38 of 3rd period - Slapshot by Dougie Hamilton.
5:38 of 3rd period - Stopped by Antoine Bibeau with a rebound.
5:40 of 3rd period - Slapshot by Jeff Skinner.
5:40 of 3rd period - Stopped by Antoine Bibeau with a rebound.
6:00 of 3rd period - Snap shot by Matt Halischuk.
6:00 of 3rd period - Shot Blocked by Jarred Tinordi.
6:30 of 3rd period - Snap shot by William Karlsson.
6:30 of 3rd period - Stopped by Corey Crawford without a rebound.
6:31 of 3rd period - Jonathan Marchessault wins face-off versus Drew Shore in Sasquatch zone.
6:32 of 3rd period - Snap shot by Mark Mancari.
6:32 of 3rd period - Goal by Mark Mancari - Sewer Rats : 7 - Sasquatch : 2.
6:33 of 3rd period - Tomas Tatar wins face-off versus Jesper Fast in neutral zone.
7:22 of 3rd period - Off-side.
7:23 of 3rd period - Devin Shore wins face-off versus William Karlsson in neutral zone.
7:28 of 3rd period - Snap shot by Brock Trotter.
7:28 of 3rd period - Stopped by Antoine Bibeau with a rebound.
8:03 of 3rd period - Slapshot by Petr Straka.
8:03 of 3rd period - Stopped by Antoine Bibeau with a rebound.
8:46 of 3rd period - Slapshot by William Karlsson.
8:46 of 3rd period - Stopped by Corey Crawford without a rebound.
8:47 of 3rd period - Drew Shore wins face-off versus Jonathan Marchessault in Sasquatch zone.
8:47 of 3rd period - Drew Shore is hit by Jonathan Marchessault.
9:34 of 3rd period - Sergey Kalinin is hit by Daniel Carr and loses puck.
9:50 of 3rd period - Minor Penalty to Josh Morrissey for Goalie Interference.
9:51 of 3rd period - Drew Shore wins face-off versus Jonathan Marchessault in Sasquatch zone.
9:51 of 3rd period - Drew Shore is hit by Jonathan Marchessault.
10:01 of 3rd period - Snap shot by Mark Mancari.
10:01 of 3rd period - Goal by Mark Mancari - Sewer Rats : 8 - Sasquatch : 2.
10:02 of 3rd period - Jonathan Marchessault wins face-off versus Drew Shore in neutral zone.
10:05 of 3rd period - Snap shot by Tomas Tatar.
10:05 of 3rd period - Stopped by Corey Crawford with a rebound.
10:07 of 3rd period - Slapshot by Mark Mancari.
10:07 of 3rd period - Stopped by Corey Crawford with a rebound.
10:09 of 3rd period - Slapshot by Ryan Murphy.
10:09 of 3rd period - Stopped by Corey Crawford with a rebound.
10:11 of 3rd period - Slapshot by Ryan Murphy.
10:11 of 3rd period - Stopped by Corey Crawford without a rebound.
10:12 of 3rd period - Drew Shore wins face-off versus Mark Mancari in Sasquatch zone.
10:25 of 3rd period - Connor Carrick is hit by Jeff Skinner and loses puck.
11:14 of 3rd period - Snap shot by Jesper Fast.
11:14 of 3rd period - Shot Misses the Net.
11:16 of 3rd period - Minor Penalty to Ryan Murphy for High sticking.
11:17 of 3rd period - Devin Shore wins face-off versus Nick Cousins in Sewer Rats zone.
12:27 of 3rd period - Slapshot by John Ramage.
12:27 of 3rd period - Stopped by Corey Crawford without a rebound.
12:28 of 3rd period - Sergey Kalinin wins face-off versus Daniel Carr in Sasquatch zone.
12:28 of 3rd period - Sergey Kalinin is hit by Jarred Tinordi.
12:31 of 3rd period - Icing by Dougie Hamilton.
12:32 of 3rd period - Vincent Trocheck wins face-off versus Sergey Kalinin in Sasquatch zone.
13:16 of 3rd period - Penalty to Ryan Murphy is over, Ryan Murphy is back on ice.
13:27 of 3rd period - Joel Edmundson is hit by Sven Andrighetto and loses puck.
13:50 of 3rd period - Snap shot by Tomas Tatar.
13:50 of 3rd period - Shot Misses the Net.
14:08 of 3rd period - Icing by Nicolas Deslauriers.
14:09 of 3rd period - Erik Condra wins face-off versus David Desharnais in Sasquatch zone.
14:12 of 3rd period - Snap shot by Erik Condra.
14:12 of 3rd period - Stopped by Corey Crawford without a rebound.
14:13 of 3rd period - Vincent Trocheck wins face-off versus Drew Shore in Sasquatch zone.
14:36 of 3rd period - Snap shot by Erik Condra.
14:36 of 3rd period - Stopped by Corey Crawford without a rebound.
14:37 of 3rd period - Jonathan Marchessault wins face-off versus Sergey Kalinin in Sasquatch zone.
14:41 of 3rd period - Teemu Hartikainen and Joel Edmundson fight to a draw.
14:41 of 3rd period - Penalty to Teemu Hartikainen for Fighting.
14:41 of 3rd period - Penalty to Joel Edmundson for Fighting.
14:42 of 3rd period - Drew Shore wins face-off versus Jonathan Marchessault in Sasquatch zone.
14:42 of 3rd period - Drew Shore is hit by Jarred Tinordi.
14:50 of 3rd period - Snap shot by Jeff Skinner.
14:50 of 3rd period - Stopped by Antoine Bibeau without a rebound.
14:51 of 3rd period - Jeff Skinner wins face-off versus Mark Mancari in Sewer Rats zone.
14:54 of 3rd period - Wrist shot by Jeff Skinner.
14:54 of 3rd period - Shot Blocked by Jarred Tinordi.
15:34 of 3rd period - Snap shot by Tomas Tatar.
15:34 of 3rd period - Deflect By Mark Mancari.
15:34 of 3rd period - Shot Blocked by Dougie Hamilton.
15:34 of 3rd period - Puck is out of play.
15:35 of 3rd period - Vincent Trocheck wins face-off versus Sergey Kalinin in Sasquatch zone.
16:08 of 3rd period - Icing by David Desharnais.
16:09 of 3rd period - Vincent Trocheck wins face-off versus Nicolas Deslauriers in Sasquatch zone.
16:10 of 3rd period - Snap shot by Erik Condra.
16:10 of 3rd period - Stopped by Corey Crawford with a rebound.
16:56 of 3rd period - Snap shot by Erik Condra.
16:56 of 3rd period - Shot Misses the Net.
17:06 of 3rd period - Wrist shot by Erik Condra.
17:06 of 3rd period - Shot Misses the Net.
17:08 of 3rd period - Snap shot by Vincent Trocheck.
17:08 of 3rd period - Stopped by Corey Crawford with a rebound.
17:12 of 3rd period - Wrist shot by Erik Condra.
17:12 of 3rd period - Stopped by Corey Crawford with a rebound.
17:32 of 3rd period - Backhand shot by Josh Morrissey.
17:32 of 3rd period - Shot Misses the Net.
18:15 of 3rd period - Minor Penalty to Josh Morrissey for Roughing.
18:16 of 3rd period - Sergey Kalinin wins face-off versus Tomas Tatar in Sasquatch zone.
19:41 of 3rd period - Penalty to Teemu Hartikainen is over, Teemu Hartikainen is back on ice.
19:55 of 3rd period - Icing by Dmitrij Jaskin.
19:56 of 3rd period - Drew Shore wins face-off versus Martin Frk in Sewer Rats zone.
Goals for this period are 2 for Sewer Rats vs 0 for Sasquatch.
Shots for this period are 16 for Sewer Rats vs 5 for Sasquatch.
Back to the Top